 Dungeon Crawl Stone Soup version 0.29.0-11-gd7f09526c8 (webtiles) character file.

Game seed: 18165543065068200357

1756223 KamiKatze the Axe Maniac (level 27, 260/260 HPs)
             Began as a Minotaur Berserker on Sept 3, 2022.
             Was the Champion of Trog.
             Escaped with the Orb
             ... and 3 runes on Sept 4, 2022!
             The game lasted 04:52:57 (64718 turns).

KamiKatze the Axe Maniac (Minotaur Berserker)      Turns: 64718, Time: 04:52:57

Health: 260/260    AC: 52    Str: 51    XL:     27
Magic:  30/31      EV: 18    Int:  4    God:    Trog [******]
Gold:   7492       SH: 24    Dex: 12    Spells: 26/26 levels left

rFire   + + +      SeeInvis +   a - +8 war axe (vamp)
rCold   + . .      Faith    .   N - +0 tower shield {AC+3}
rNeg    . . .      Spirit   .   d - +9 gold dragon scales
rPois   +          Reflect  .   (helmet restricted)
rElec   .          Harm     .   u - +2 cloak
rCorr   +          Rampage  .   p - +2 pair of gloves {infuse}
Will    +++++                   t - +2 pair of boots of Hospitality {Will+ SInv}
Stlth   ..........              n - amulet of regeneration
HPRegen 1.33/turn               D - ring "Vishestraaw" {rF++ rCorr MP+9 Str+4 Dex+4}
MPRegen 0.22/turn               E - ring of Omytocha {Will+ Str+5 SInv}

@: hasted, very quick
A: horns 2, retaliatory headbutt, talons 1, iridescent scales 1, strong-willed
1, sense surroundings 1, strong 2, inability to drink after injury 1
0: Orb of Zot
}: 3/15 runes: serpentine, barnacled, silver
a: Renounce Religion, Berserk, Trog's Hand, Brothers in Arms


You escaped.
You worshipped Trog.
Trog was exalted by your worship.
You visited 12 branches of the dungeon, and saw 50 of its levels.
You visited 1 ziggurat, and saw 1 of its levels.
You also visited: Bailey and Ice Cave.

You collected 11359 gold pieces.
You spent 3867 gold pieces at shops.

Inventory:

Hand Weapons
 a - a +8 vampiric war axe (weapon)
 b - the +9 hand axe of Unai {vorpal, rElec rC+}
   (Trog gifted it to you on level 4 of the Shoals)

   It inflicts extra damage upon your enemies.
   rC:        It protects you from cold.
   rElec:     It insulates you from electricity.
 e - a +3 antimagic broad axe
 w - a +6 broad axe of flaming
Missiles
 s - 13 curare-tipped darts
 z - 11 throwing nets (quivered)
 L - 41 poisoned darts
Armour
 d - +9 gold dragon scales (worn)
 p - a +2 pair of gloves of infusion (worn)
 t - the +2 pair of boots of Hospitality (worn) {Will+ SInv}
   (You found it in an ice cave)

   SInv:      It lets you see invisible.
   Will:      It increases your willpower.
 u - a +2 cloak (worn)
 N - a +0 tower shield of protection (worn)
Jewellery
 n - an amulet of regeneration (around neck)
 v - a ring of flight
 D - the ring "Vishestraaw" (left hand) {rF++ rCorr MP+9 Str+4 Dex+4}
   (You bought it in a shop on level 2 of the Snake Pit)

   [ring of magical power]

   Str:       It affects your strength (+4).
   Dex:       It affects your dexterity (+4).
   rF:        It greatly protects you from fire.
   MP:        It affects your magic capacity (+9).
   rCorr:     It protects you from acid and corrosion.
 E - the ring of Omytocha (right hand) {Will+ Str+5 SInv}
   (You found it on level 2 of the Lair of Beasts)

   [ring of willpower]

   Str:       It affects your strength (+5).
   SInv:      It lets you see invisible.
   Will:      It increases your willpower.
 O - the ring of Sioqem {rPois rN+ Will- AC+4 Dex+5}
   (You took it off a deep elf death mage on level 3 of the Elven Halls)

   [ring of protection]

   AC:        It affects your AC (+4).
   Dex:       It affects your dexterity (+5).
   rPois:     It protects you from poison.
   rN:        It protects you from negative energy.
   Will:      It decreases your willpower.
 S - a +6 ring of intelligence
 T - the ring "Bavvadi" {rC+ Int+4 Slay+2}
   (You found it in an ice cave)

   [ring of protection from cold]

   Int:       It affects your intelligence (+4).
   Slay:      It affects your accuracy & damage with ranged weapons and melee
   (+2).
   rC:        It protects you from cold.
 Y - the ring "Daalatey" {rC+ Int+3 Dex+2}
   (You took it off a deep elf annihilator on level 3 of the Elven Halls)

   [ring of protection from cold]

   Int:       It affects your intelligence (+3).
   Dex:       It affects your dexterity (+2).
   rC:        It protects you from cold.
Wands
 g - a wand of polymorph (20)
 k - a wand of quicksilver (17)
 o - a wand of digging (5)
 q - a wand of flame (55)
 I - a wand of paralysis (21)
 J - a wand of mindburst (21)
 P - a wand of iceblast (12)
Scrolls
 c - 3 scrolls of blinking
 l - 14 scrolls of fear
 y - 9 scrolls of butterflies
 M - a scroll of silence
 Q - 8 scrolls of poison
 U - 3 scrolls of magic mapping
 V - 34 scrolls of teleportation
Potions
 f - 2 potions of heal wounds
 h - 11 potions of attraction
 i - 9 potions of cancellation
 j - 5 potions of resistance
 m - 31 potions of curing
 r - 4 potions of ambrosia
 A - 7 potions of might
 B - 2 potions of invisibility
 C - 18 potions of lignification
 F - 4 potions of haste
 G - 9 potions of flight
 H - 7 potions of berserk rage
 W - 7 potions of mutation
Miscellaneous
 x - a lightning rod (4/4)
 K - a tin of tremorstones (2/2)
 R - a condenser vane
 X - a box of beasts
 Z - a phantom mirror


   Skills:
 + Level 23.7 Fighting
 O Level 27 Axes
 - Level 6.0 Throwing
 + Level 25.6 Armour
 + Level 23.9 Dodging
 + Level 26.0 Shields
 - Level 15.0 Evocations


You had 26 spell levels left.
You didn't know any spells.
Your spell library was empty.

Dungeon Overview and Level Annotations

Branches:
Dungeon (15/15)            Temple (1/1) D:6            Lair (5/5) D:10
 Shoals (4/4) Lair:2        Snake (4/4) Lair:3        Slime (1/5) Lair:5
    Orc (2/2) D:11            Elf (3/3) Orc:2        Vaults (5/5) D:13
  Crypt (1/3) Vaults:2     Depths (4/4) D:15            Zot (5/5) Depths:4
 Bailey (visited)           IceCv (visited)

Altars:
Ashenzari
Cheibriados
Dithmenos
Elyvilon
Fedhas
Gozag
Hepliaklqana
Kikubaaqudgha
Makhleb
Nemelex Xobeh
Okawaru
Qazlal
Ru
Sif Muna
Trog
Uskayaw
Vehumet
Wu Jian
Xom
Yredelemnul
Zin
The Shining One

Shops:
D:2 (   D:5 *   D:6 *   D:14 :   Orc:1 ?   Orc:2 :(!!?   Elf:2 :(*(   Snake:1 :
Snake:2 :==   Vaults:5 *   Depths:1 (*[

Portals:
Hell: Depths:1 Depths:2 Depths:3 Depths:4
Abyss: Depths:2 Depths:3 Depths:4
Pandemonium: Depths:2
Trove: D:13 (give horn of Geryon)

Annotations:
D:8 dig for gold (zin)
Elf:1 1 runed translucent door, exclusion: door, Cuucabuana's ghost, veteran MiGl
Elf:2 2 runed translucent doors, exclusion: 2 doors
Vaults:4 8 runed translucent doors, exclusions: 8 doors and obsidian statue, mantisjm's ghost, veteran HOFi
Depths:1 1 runed translucent door, exclusion: door, Dameikh's ghost, veteran FoFi


Innate Abilities, Weirdness & Mutations

You have a pair of horns on your head.
You reflexively headbutt those who attack you in melee.
You have sharp toenails.
You are partially covered in iridescent scales. (AC +2)
You are strong-willed. (Will+)
You passively map a small area around you.
Your muscles are very strong. (Str +8, Int/Dex -2)
You occasionally lose the ability to drink potions when taking damage.


Message History

There is a stone staircase leading down here.
You see here a +0 short sword.
An orange demon comes into view.
You block the orange demon's attack.
The orange demon hits you but does no damage.
You hit the orange demon. Your headbutt misses the orange demon.
The orange demon is lightly wounded.
You slice the orange demon!! Your headbutt misses the orange demon.
The orange demon is severely wounded.
You block the orange demon's attack. x2
You slice the orange demon!!
You kill the orange demon!
Trog accepts your kill.
No target in view!
You feel yourself speed up.
(D) Dungeon (T) Temple (L) Lair (A) Shoals (P) Snake Pit (M) Slime Pits (O) Orcish Mines (E) Elven Halls (V) Vaults (C) Crypt (U) Depths (H) Hell (Z) Zot
Where to? (* - list waypoints, Enter - D:1 @ (x,y), ? - help)
You see here a +0 spear.
Magic restored.
A sixfirhy comes into view.
You block the sixfirhy's attack.
The sixfirhy hits you but does no damage.
You slice the sixfirhy!! Your headbutt misses the sixfirhy.
The sixfirhy is heavily wounded.
The sixfirhy closely misses you. You furiously retaliate!
You headbutt the sixfirhy! You block the sixfirhy's attack.
You slash the sixfirhy!
You kill the sixfirhy!
Trog accepts your kill.
No target in view!
(D) Dungeon (T) Temple (L) Lair (A) Shoals (P) Snake Pit (M) Slime Pits (O) Orcish Mines (E) Elven Halls (V) Vaults (C) Crypt (U) Depths (H) Hell (Z) Zot
Where to? (* - list waypoints, Enter - D:1 @ (x,y), ? - help)
There is a staircase leading out of the dungeon here.
You have escaped!

.# #.....###..####..#...#.###..#
.# #....###...#.#...#...#......#
.## ##...##....#.#..##.###..#.###
..# ##g.###...##.#..##......#....
#.# #...##...[#..####...#.###....
#.###..###...###.####...#....)###
#..##..##>...##>.##...###......##
##....####.)##...##............##
#######....##..@##............+.
#######...##............##
###...............#
####............# #............#
#............# #............#
#............# #............#


There were no monsters in sight!

Vanquished Creatures
  A dread lich (Zot:5)
  A seraph (Depths:2)
  2 orbs of fire (Zot:5)
  3 ancient liches
  A pandemonium lord (Depths:2)
  Mennas (Vaults:2)
  2 juggernauts (Depths:2)
  5 Killer Klowns
  Margery (Vaults:5)
  3 curse toes
  Bai Suzhen (Vaults:2)
  11 golden dragons
  Jory (Vaults:5)
  Nikola (Snake:1)
  A bone dragon (Depths:4)
  3 electric golems
  Rupert (Lair:5)
  The ghost of Tunlugh the Earth Mage, an adept GrEE of Vehumet (Lair:4)
  A walking crystal tome (Depths:3)
  18 tentacled monstrosities
  24 Orb Guardians
  6 liches
  6 quicksilver dragons
  8 titans
  3 deep elf blademasters (Elf:3)
  An Executioner (D:7)
  2 deep elf master archers (Elf:3)
  An ancient champion (Vaults:2)
  Polyphemus (Shoals:4)
  9 death cobs
  4 sphinxes
  3 krakens
  Frances (Shoals:1)
  Agnes (D:14)
  13 shadow dragons
  Ilsuiw (Shoals:2)
  5 tengu reavers
  15 fire giants
  11 storm dragons
  A daeva (D:9)
  Donald (Shoals:2)
  4 nagarajas (Snake:4)
  A rockslime (IceCv)
  8 draconian monks
  3 azure jellies (IceCv)
  3 deep elf sorcerers
  13 frost giants
  Aizul (Snake:1)
  7 draconian scorchers
  20 vault wardens
  10 draconian knights
  A balrug (Depths:1)
  An orc warlord (Bailey)
  4 iron dragons
  5 draconian shifters
  Louise (Shoals:2)
  4 ghost moths
  3 deep elf elementalists (Elf:3)
  3 draconian stormcallers
  3 spriggan defenders (Depths:3)
  8 ironbound thunderhulks
  17 ironbound preservers
  3 war gargoyles
  7 draconian annihilators
  4 quicksilver oozes (IceCv)
  27 very ugly things
  10 stone giants
  The ghost of DoubleLucky the Arsonist, a journeyman DrFE of Vehumet (D:12)
  5 vampire knights
  11 green draconians
  6 deep elf demonologists (Elf:3)
  12 purple draconians
  9 white draconians
  5 deep elf annihilators
  12 black draconians
  15 yellow draconians
  11 red draconians
  12 spark wasps
  18 dire elephants
  The ghost of ImASeal the Eclecticist, a journeyman DjFE of Makhleb (Lair:2)
  9 deep elf death magi
  13 fire dragons
  2 green deaths
  2 merfolk javelineers (Shoals:4)
  A blizzard demon (Depths:4)
  3 deep elf high priests (Vaults:5)
  9 ettins
  11 merfolk impalers
  20 yaktaur captains
  9 ice dragons
  3 rakshasas
  30 vault guards
  2 jiangshi (Depths:1)
  4 great orbs of eyes
  3 peacekeepers
  5 hydras
  3 spriggan air magi
  5 boulder beetles
  2 salamander tyrants
  4 ogre magi
  20 centaur warriors
  An anaconda (shapeshifter) (Vaults:5)
  5 catoblepae
  10 ironbound frosthearts
  9 anacondas
  5 merfolk avatars
  8 death yaks
  15 dancing weapons
  4 merfolk aquamancers
  5 vampire magi
  17 two-headed ogres
  3 hell hogs (Depths:4)
  21 naga warriors
  4 shock serpents
  5 tengu warriors
  10 deep troll shamans
  4 deep troll earth magi
  11 naga sharpshooters
  An orc high priest (Orc:2)
  6 spriggan berserkers
  Urug (D:13)
  Sonja (Lair:2)
  5 deep elf knights
  14 hell knights
  2 sun demons
  A shadow wraith (Vaults:5)
  2 spriggans (Depths:3)
  A sixfirhy (D:1)
  An iron troll (Depths:1)
  A cherub (Depths:2)
  2 orb spiders (Zot:1)
  6 salamander mystics
  A goliath frog (shapeshifter) (Vaults:4)
  Lodul (D:13)
  A glowing orange brain (shapeshifter) (Elf:1)
  A spriggan simulacrum (Elf:2)
  An obsidian statue (Zot:5)
  4 glowing orange brains
  2 flayed ghosts (Depths:3)
  7 naga ritualists
  11 sea snakes
  6 wizards
  68 deep trolls
  12 deep elf archers
  12 orc knights
  2 phantasmal warriors (Vaults:5)
  2 orange crystal statues (IceCv)
  13 deep elf zephyrmancers
  The ghost of Fischmaster the Slasher, a novice DgGl (D:6)
  19 ironbound convokers
  2 oklob plants
  14 lindwurms
  23 deep elf pyromancers
  45 ugly things
  25 harpies
  10 necromancers
  A will-o-the-wisp (Lair:5)
  7 mana vipers
  A mana viper (shapeshifter) (Vaults:5)
  11 fauns
  14 cyclopes
  13 manticores
  A shining eye (Depths:1)
  26 slime creatures
  17 salamanders
  5 orc sorcerers
  25 moths of wrath
  8 elephants
  17 merfolk sirens
  2 centaur zombies (D:15)
  7 guardian serpents
  A rust devil (Depths:2)
  A torpor snail (Lair:5)
  2 smoke demons
  16 vault sentinels
  A water nymph (shapeshifter) (Depths:3)
  6 water nymphs
  26 black mambas
  An orange demon (D:1)
  20 naga magi
  A cane toad (shapeshifter) (D:15)
  13 komodo dragons
  A centaur skeleton (D:15)
  A gargoyle (D:8)
  16 cane toads
  3 ice devils
  2 freezing wraiths
  52 yaktaurs
  4 rime drakes
  4 tengu conjurers
  2 anaconda simulacra (Elf:2)
  A red devil (Depths:2)
  7 wind drakes
  A merfolk (shapeshifter) (Vaults:5)
  A tarantella (Zot:1)
  26 merfolk
  A wolf spider simulacrum (D:14)
  5 hornets
  Grinder (D:3)
  8 saltlings (Orc:2)
  7 polar bears
  10 trolls
  5 blink frogs
  A slime creature (shapeshifter) (Vaults:5)
  9 snapping turtles
  21 dream sheep
  A ynoxinul (Depths:2)
  6 air elementals
  A flying skull (Vaults:2)
  2 jumping spiders (Zot:1)
  A dire elephant simulacrum (Elf:2)
  24 water elementals
  A centaur simulacrum (D:15)
  55 yaks
  16 humans
  3 wyverns
  4 basilisks
  A yak (shapeshifter) (D:8)
  A basilisk (shapeshifter) (Elf:3)
  2 steam dragons
  A minotaur simulacrum (Elf:2)
  20 vampire mosquitoes
  2 wargs
  Edmund (D:4)
  54 nagas
  2 hydra simulacra (Lair:4)
  3 acid dragons
  17 water moccasins
  A boulder beetle simulacrum (Lair:4)
  31 orc warriors
  A hornet zombie (D:15)
  3 swamp drakes (Lair:5)
  4 black bears
  6 great orb of eyes simulacra (IceCv)
  A sky beast (D:5)
  An alligator simulacrum (Elf:2)
  12 ogres
  2 ice beasts (D:7)
  A black mamba simulacrum (Lair:4)
  10 wolves
  15 centaurs
  3 slime creature simulacra (IceCv)
  11 bullfrogs
  2 necrophages
  3 kobold brigands
  3 human zombies (Vaults:5)
  3 earth elementals
  A deep troll simulacrum (Elf:2)
  2 glowing shapeshifter simulacra (IceCv)
  2 scorpions
  4 gnoll sergeants
  27 wights
  A lindwurm simulacrum (Lair:4)
  A vampire bat (Lair:1)
  17 killer bees
  An electric eel (D:6)
  A howler monkey (D:5)
  A hound (D:7)
  15 orc priests
  A gnoll bouda (D:9)
  3 jellies
  Jessica (D:2)
  3 iguanas
  2 scorpion zombies (D:3)
  Ijyb (D:4)
  17 orc wizards
  11 adders
  19 gnolls
  A shadow imp (D:6)
  A white imp (D:8)
  An ufetubus (D:6)
  2 adder skeletons (D:3)
  4 dart slugs
  79 orcs
  11 bats
  8 endoplasms
  A giant cockroach (D:2)
  11 goblins
  10 hobgoblins
  6 jackals (D:1)
  31 kobolds
  4 quokkas
  4 ball pythons
  A ball python skeleton (D:3)
  4 frilled lizards
  2 quokka zombies (D:3)
  4 rats
  A bush (Lair:5)
  A butterfly (Lair:2)
  4 pillars of salt (Orc:2)
  8 tentacles
2182 creatures vanquished.

Vanquished Creatures (collateral kills)
  2 orbs of fire (Zot:5)
  A Killer Klown (Zot:5)
  4 Orb Guardians (Zot:5)
  The ghost of Oluanan the Fighter, a journeyman DsFi of Hepliaklqana (Lair:3)
  A hydra (Lair:3)
  An ironbound convoker (Vaults:2)
  A komodo dragon (Lair:3)
  A yaktaur (Vaults:2)
  An orc warrior (Orc:2)
13 creatures vanquished.

Vanquished Creatures (others)
  A deep elf master archer (Elf:3)
  A draconian knight (Zot:1)
  A fire giant (Depths:2)
  A rakshasa (Depths:2)
  A dancing weapon (Elf:2)
  A deep elf knight (Elf:2)
  A spriggan simulacrum (Elf:2)
  A deep elf pyromancer (Elf:1)
  A deep elf zephyrmancer (Elf:3)
  A moth of wrath (Zot:3)
  4 foxfires (Lair:5)
  30 fungi
  2 pillars of salt (Orc:2)
  58 plants
  11 tentacles
  A withered plant (Depths:2)
116 creatures vanquished.

Grand Total: 2311 creatures vanquished

Notes
Turn   | Place    | Note
-------+----------+-------------------------------------------
     0 | D:1      | KamiKatze the Minotaur Berserker began the quest for the
                  | Orb.
     0 | D:1      | Reached XP level 1. HP: 19/19 MP: 0/0
    37 | D:1      | Reached XP level 2. HP: 20/27 MP: 1/1
    38 | D:1      | Reached skill level 4 in Axes
   319 | D:1      | Reached ** piety under Trog
   346 | D:1      | Reached XP level 3. HP: 18/33 MP: 2/2
   578 | D:1      | Found a faded altar of an unknown god.
   906 | D:2      | Noticed Jessica
   909 | D:2      | Killed Jessica
   910 | D:2      | Reached XP level 4. HP: 39/40 MP: 3/3
   961 | D:2      | Found Utygeq's Weapon Shop.
  1495 | D:3      | Found a broken altar of Ashenzari.
  1511 | D:3      | Reached skill level 5 in Axes
  1783 | D:3      | Reached XP level 5. HP: 36/47 MP: 4/4
  1982 | D:3      | Noticed Grinder
  1994 | D:3      | Killed Grinder
  1995 | D:3      | Reached skill level 5 in Fighting
  1995 | D:3      | Reached skill level 6 in Axes
  1995 | D:3      | Reached XP level 6. HP: 32/56 MP: 5/5
  2626 | D:4      | Noticed Edmund
  2641 | D:4      | Killed Edmund
  2642 | D:4      | Reached XP level 7. HP: 61/61 MP: 6/6
  2700 | D:4      | Reached skill level 7 in Axes
  2711 | D:4      | Noticed Ijyb
  2717 | D:4      | Killed Ijyb
  3179 | D:5      | Entered Level 5 of the Dungeon
  3192 | D:5      | Reached skill level 5 in Armour
  3306 | D:5      | Found Decwur's CLEARANCE SALE!.
  3441 | D:5      | Reached XP level 8. HP: 44/70 MP: 7/7
  3446 | D:5      | Reached skill level 8 in Axes
  3446 | D:5      | Reached skill level 5 in Dodging
  3680 | D:5      | Reached *** piety under Trog
  3756 | D:5      | Found a blossoming altar of Fedhas.
  4033 | D:5      | Found an ancient bone altar of Kikubaaqudgha.
  4231 | D:6      | Noticed Fischmaster's ghost (novice DgGl)
  4235 | D:6      | Reached skill level 9 in Axes
  4439 | D:6      | Found a runed translucent gate.
  4439 | D:6      | Found a runed translucent gate.
  4440 | D:6      | Found a runed translucent gate.
  4652 | D:6      | Found a staircase to the Ecumenical Temple.
  4658 | Temple   | Entered the Ecumenical Temple
  4837 | D:6      | Found Xod Bini's Assorted Antiques.
  4852 | D:6      | Bought 2 fizzy clear potions for 48 gold pieces
  4923 | D:6      | You are sucked into a shaft and drop 3 floors!
  5053 | D:9      | Reached XP level 9. HP: 71/79 MP: 8/8
  5108 | D:9      | Found a flagged portal.
  5108 | D:9      | Noticed a two-headed ogre
  5131 | D:9      | Killed a two-headed ogre
  5132 | D:9      | Reached skill level 10 in Axes
  5219 | Bailey   | Entered a bailey
  5342 | Bailey   | Noticed an orc warlord
  5488 | Bailey   | Noticed an orc knight
  5522 | Bailey   | Killed an orc knight
  5686 | Bailey   | Reached skill level 11 in Axes
  5704 | Bailey   | Found a runed translucent gate.
  5706 | Bailey   | Found a runed translucent gate.
  6161 | Bailey   | Found a runed translucent gate.
  6205 | Bailey   | Killed an orc warlord
  6206 | Bailey   | Reached XP level 10. HP: 84/90 MP: 9/9
  6274 | Bailey   | Reached skill level 16 in Axes
  6274 | Bailey   | Reached XP level 11. HP: 95/95 MP: 10/10
  6275 | Bailey   | Identified the +8 war axe of the Blushing Gods {elec,
                  | *Noise Dex+5 Stlth+}
  6615 | D:8      | Found an opulent altar of Gozag.
  6664 | D:7      | Found an iron altar of Okawaru.
  7121 | D:7      | Identified the +2 robe of Sin {Str+8}
  7144 | D:7      | Found a sacrificial altar of Ru.
  7148 | D:7      | Identified the +7 whip "Huan" {flame, Fragile rN++ Str+4
                  | Stlth+}
  7257 | D:7      | Identified the +2 pair of boots "Nid Doun" {rF+ Str+4}
  7320 | D:7      | Reached **** piety under Trog
  7576 | D:8      | Identified the +11 dagger "Bycosoub" {elec, rN++ Int-3}
  7694 | D:8      | Reached skill level 1 in Throwing
  7853 | D:8      | Reached skill level 1 in Evocations
  7888 | D:8      | Noticed a centaur warrior
  7895 | D:8      | Killed a centaur warrior
  7971 | D:8      | Found a stormy altar of Qazlal.
  8057 | D:8      | Found a glowing silver altar of Zin.
  8058 | D:8      | Noticed a centaur warrior
  8070 | D:8      | Killed a centaur warrior
  8084 | D:8      | Noticed a centaur warrior
  8089 | D:8      | Killed a centaur warrior
  8114 | D:8      | Reached skill level 17 in Axes
  8878 | D:9      | Identified the +11 war axe "Emeful" {speed, rN+ rCorr Str+4
                  | Dex-2}
  9374 | D:10     | Entered Level 10 of the Dungeon
  9583 | D:10     | Reached XP level 12. HP: 97/106 MP: 11/11
  9591 | D:10     | Reached ***** piety under Trog
  9888 | D:10     | Reached skill level 10 in Fighting
 10110 | D:10     | Found a staircase to the Lair.
 10257 | D:11     | Noticed a two-headed ogre
 10297 | D:10     | Killed a two-headed ogre
 10946 | D:11     | Found a staircase to the Orcish Mines.
 10946 | D:11     | Noticed a boulder beetle
 10956 | D:11     | Killed a boulder beetle
 11051 | Lair:1   | Entered Level 1 of the Lair of Beasts
 11088 | Lair:1   | Reached skill level 10 in Armour
 11732 | Lair:1   | Reached skill level 18 in Axes
 11998 | Lair:2   | Found a transporter.
 12001 | Lair:2   | Noticed ImASeal's ghost (journeyman DjFE)
 12001 | Lair:2   | Noticed a death yak
 12019 | Lair:2   | Found a transporter.
 12129 | Lair:2   | Found a staircase to the Shoals.
 12180 | Lair:2   | Noticed a catoblepas
 12198 | Lair:2   | Killed a catoblepas
 12198 | Lair:2   | Received a gift from Trog
 12306 | Lair:2   | Noticed Sonja
 12308 | Lair:2   | Killed Sonja
 12735 | Lair:3   | Noticed a boulder beetle
 12744 | Lair:3   | Killed a boulder beetle
 12745 | Lair:3   | Reached XP level 13. HP: 98/115 MP: 12/12
 12882 | Lair:3   | Reached skill level 5 in Throwing
 13135 | Lair:3   | Found a runed translucent gate.
 13152 | Lair:3   | Noticed Oluanan's ghost (journeyman DsFi)
 13161 | Lair:3   | Found a runed translucent gate.
 13161 | Lair:3   | Found a runed translucent gate.
 13384 | Lair:3   | Found a staircase to the Snake Pit.
 13643 | Lair:3   | Killed Oluanan's ghost
 13711 | Lair:4   | Reached skill level 10 in Dodging
 13797 | Lair:4   | Reached skill level 5 in Evocations
 13979 | Lair:4   | Identified a scroll of acquirement
 14097 | Lair:4   | Reached skill level 19 in Axes
 14805 | Lair:4   | Found a runed translucent gate.
 14805 | Lair:4   | Found a runed translucent gate.
 14805 | Lair:4   | Found a runed translucent gate.
 14836 | Lair:4   | Noticed Tunlugh's ghost (adept GrEE)
 15088 | Lair:5   | Entered Level 5 of the Lair of Beasts
 15131 | Lair:5   | Received a gift from Trog
 15212 | Lair:5   | Found the +15 Maxwell's patent armour {-Cast -Tele rElec
                  | Will+ rCorr}
 15229 | Lair:5   | Reached XP level 14. HP: 110/125 MP: 13/13
 15383 | Lair:5   | Reached skill level 1 in Shields
 15680 | Lair:5   | Noticed Rupert
 16096 | Lair:5   | Killed Rupert
 16290 | Lair:5   | Found a staircase to the Slime Pits.
 16302 | Lair:5   | Reached skill level 20 in Axes
 16960 | Orc:1    | Entered Level 1 of the Orcish Mines
 16972 | Orc:1    | Found Piqaasi's Magic Scroll Shoppe.
 17256 | Orc:1    | Bought a scroll of enchant weapon for 112 gold pieces
 17256 | Orc:1    | Acquired 1030 gold pieces
 17362 | Orc:1    | Reached skill level 5 in Shields
 17556 | Orc:2    | Entered Level 2 of the Orcish Mines
 18022 | Orc:2    | Found Jucay's Magic Scroll Emporium.
 18071 | Orc:2    | Bought a scroll of noise for 15 gold pieces
 18242 | Orc:2    | Paralysed by an orc sorcerer for 5 turns
 18340 | Orc:2    | Found a staircase to the Elven Halls.
 19361 | Orc:2    | Noticed a stone giant
 19378 | Orc:2    | Killed a stone giant
 19651 | Orc:2    | Found Rullan's Distillery.
 19657 | Orc:2    | Bought a potion of degeneration for 11 gold pieces
 19672 | Orc:2    | Found Xuufah's Weapon Boutique.
 19674 | Orc:2    | Found Mywapluj's Book Boutique.
 19697 | Orc:2    | Found Toubb's Distillery.
 19701 | Orc:2    | Reached XP level 15. HP: 135/135 MP: 14/14
 20531 | D:12     | Received a gift from Trog
 20638 | D:12     | Found a runed translucent gate.
 20638 | D:12     | Found a runed translucent gate.
 20639 | D:12     | Noticed DoubleLucky's ghost (journeyman DrFE)
 20642 | D:12     | Found a runed translucent gate.
 20684 | D:13     | Noticed Urug
 20684 | D:13     | Found a gate to the Vaults.
 20692 | D:13     | Killed Urug
 20772 | D:13     | Identified the +5 falchion "Plog" {protect, rN+ rCorr
                  | Int+3}
 20887 | D:13     | Noticed Lodul
 20896 | D:13     | Killed Lodul
 21207 | D:13     | Found a portal to a secret trove of treasure.
 21574 | D:14     | Noticed Agnes
 21584 | D:14     | Killed Agnes
 21659 | D:14     | Found Kidad's Book Boutique.
 21979 | D:14     | Identified the +8 war axe "Gyntunti" {vorpal, rF++}
 22298 | D:15     | Entered Level 15 of the Dungeon
 22356 | D:15     | Received a gift from Trog
 22784 | D:15     | Reached skill level 10 in Shields
 22820 | D:15     | Found a hazy altar of Hepliaklqana.
 23128 | D:15     | Found a staircase to the Depths.
 23640 | D:6      | Killed Fischmaster's ghost
 24061 | D:12     | Killed DoubleLucky's ghost
 24649 | Lair:2   | Reached XP level 16. HP: 122/146 MP: 5/15
 24651 | Lair:2   | Killed ImASeal's ghost
 24702 | Lair:2   | Identified the ring of Omytocha {Will+ Str+5 SInv}
 24879 | Lair:1   | Acquired a manual of Armour
 24940 | Snake:1  | Entered Level 1 of the Snake Pit
 24953 | Snake:1  | Noticed Aizul
 24974 | Snake:1  | Killed Aizul
 25182 | Snake:1  | Noticed Nikola
 25418 | Snake:1  | Killed Nikola
 25796 | Snake:1  | Found Nodujalu's Book Emporium.
 27019 | Snake:2  | Found Wigrys's Book Boutique.
 27019 | Snake:2  | Found Zyuwnil's Jewellery Shoppe.
 27020 | Snake:2  | Found Juczoggunaf's Jewellery Shoppe.
 28066 | Snake:2  | Reached ****** piety under Trog
 28586 | Snake:3  | Reached skill level 15 in Armour
 28793 | Snake:3  | Received a gift from Trog
 28881 | Snake:3  | Identified the +0 pair of boots "Tetusoz" {Will+ SInv}
 29283 | Snake:4  | Entered Level 4 of the Snake Pit
 29532 | Snake:4  | Reached skill level 21 in Axes
 30002 | Snake:4  | Reached skill level 15 in Fighting
 30002 | Snake:4  | Reached XP level 17. HP: 153/156 MP: 10/16
 30679 | Snake:4  | Received a gift from Trog
 31168 | Snake:4  | Got a serpentine rune of Zot
 31269 | Snake:2  | Bought the ring "Vishestraaw" {rF++ rCorr MP+9 Str+4 Dex+4}
                  | for 1003 gold pieces
 31473 | Orc:1    | Bought a scroll of brand weapon for 142 gold pieces
 31516 | Orc:2    | Bought a scroll of enchant weapon for 112 gold pieces
 31517 | Orc:2    | Bought a scroll of teleportation for 45 gold pieces
 31517 | Orc:2    | Bought a scroll of teleportation for 45 gold pieces
 31989 | Shoals:1 | Entered Level 1 of the Shoals
 32445 | Shoals:1 | Received a gift from Trog
 32574 | Shoals:1 | Noticed Frances
 32751 | Shoals:1 | Killed Frances
 33106 | Shoals:2 | Found a white marble altar of Elyvilon.
 33129 | Shoals:2 | Noticed Donald
 33147 | Shoals:2 | Killed Donald
 33165 | Shoals:2 | Noticed Louise
 33191 | Shoals:2 | Killed Louise
 33192 | Shoals:2 | Reached skill level 22 in Axes
 33288 | Shoals:2 | Noticed a kraken
 33297 | Shoals:2 | Killed a kraken
 33703 | Shoals:2 | Reached XP level 18. HP: 166/166 MP: 17/17
 33743 | Shoals:2 | Noticed Ilsuiw
 33771 | Shoals:2 | Killed Ilsuiw
 33772 | Shoals:2 | Reached skill level 15 in Shields
 34748 | Shoals:4 | Entered Level 4 of the Shoals
 34752 | Shoals:4 | Received a gift from Trog
 34810 | Shoals:4 | Paralysed by an air elemental for 1 turns
 34813 | Shoals:4 | Paralysed by an air elemental for 1 turns
 35295 | Shoals:4 | Identified the +11 short sword of Filusibe {vorpal, *Rage
                  | rElec rC+++ MP-9}
 35358 | Shoals:4 | Paralysed by an air elemental for 1 turns
 35427 | Shoals:4 | Paralysed by an air elemental for 1 turns
 35624 | Shoals:4 | Reached skill level 10 in Evocations
 35671 | Shoals:4 | Identified the +9 hand axe of Unai {vorpal, rElec rC+}
                  | (Trog gifted it to you on level 4 of the Shoals)
 35671 | Shoals:4 | Received a gift from Trog
 36102 | Shoals:4 | Noticed Polyphemus
 36108 | Shoals:4 | Paralysed by an air elemental for 1 turns
 36161 | Shoals:4 | Killed Polyphemus
 36333 | Shoals:4 | Got a barnacled rune of Zot
 36883 | Vaults:1 | Entered Level 1 of the Vaults
 37205 | Vaults:1 | Reached skill level 23 in Axes
 37225 | Vaults:1 | Received a gift from Trog
 37414 | Vaults:1 | Reached XP level 19. HP: 174/174 MP: 13/18
 37631 | Vaults:1 | You fall into a shaft and drop 1 floor!
 37766 | Vaults:2 | Reached skill level 15 in Dodging
 38195 | Vaults:2 | Noticed Bai Suzhen
 38236 | Vaults:2 | Killed Bai Suzhen
 38240 | Vaults:2 | Received a gift from Trog
 39347 | Vaults:2 | Found a staircase to the Crypt.
 39433 | Vaults:2 | Identified the +9 great mace "Foamuyvve" {venom, Will+
                  | rCorr MP-9}
 39443 | Vaults:2 | Received a gift from Trog
 39481 | Vaults:2 | Noticed Mennas
 39500 | Vaults:2 | Reached skill level 24 in Axes
 39504 | Vaults:2 | HP: 5/177 [Mennas/+4 eudemon blade of holy wrath (4)]
 39797 | Vaults:2 | Reached XP level 20. HP: 119/184 MP: 2/19
 39813 | Vaults:2 | Killed Mennas
 39818 | Vaults:2 | HP: 1/184 [ironbound preserver/+0 morningstar (32)]
 40500 | Vaults:3 | Identified the +7 chain mail of the Teacher {-Tele rPois
                  | Regen+ Slay+6}
 40979 | Vaults:3 | Identified the +9 battleaxe of Myloso Himn {vorpal, Will+
                  | Dex+3} (Trog gifted it to you on level 3 of the Vaults)
 40979 | Vaults:3 | Received a gift from Trog
 41569 | Vaults:4 | Found a large runed translucent door.
 41569 | Vaults:4 | Found a large runed translucent door.
 41569 | Vaults:4 | Found a large runed translucent door.
 41569 | Vaults:4 | Found a large runed translucent door.
 41569 | Vaults:4 | Found a large runed translucent door.
 41569 | Vaults:4 | Found a large runed translucent door.
 41569 | Vaults:4 | Found a large runed translucent door.
 41569 | Vaults:4 | Found a large runed translucent door.
 41569 | Vaults:4 | Noticed mantisjm's ghost (veteran HOFi)
 41635 | Vaults:4 | Identified the +3 dagger of Departure {flame, rC+++ rCorr
                  | Str-3 Stlth+} (Trog gifted it to you on level 4 of the
                  | Vaults)
 41635 | Vaults:4 | Received a gift from Trog
 42831 | Orc:1    | Bought a scroll of blinking for 112 gold pieces
 42831 | Orc:1    | Bought a scroll of teleportation for 45 gold pieces
 42831 | Orc:1    | Bought a scroll of poison for 60 gold pieces
 42920 | Orc:2    | Bought a potion of cancellation for 144 gold pieces
 42920 | Orc:2    | Bought a potion of curing for 54 gold pieces
 42920 | Orc:2    | Bought a potion of cancellation for 144 gold pieces
 42920 | Orc:2    | Bought a potion of curing for 54 gold pieces
 42951 | Orc:2    | Bought a potion of mutation for 88 gold pieces
 42951 | Orc:2    | Bought 2 potions of curing for 66 gold pieces
 42951 | Orc:2    | Bought a potion of haste for 110 gold pieces
 42951 | Orc:2    | Bought a potion of berserk rage for 55 gold pieces
 42951 | Orc:2    | Bought a potion of lignification for 33 gold pieces
 42951 | Orc:2    | Bought a potion of lignification for 33 gold pieces
 43200 | D:6      | Bought a potion of might for 108 gold pieces
 43200 | D:6      | Bought 2 potions of curing for 162 gold pieces
 43200 | D:6      | Bought a potion of might for 108 gold pieces
 43200 | D:6      | Bought a potion of cancellation for 216 gold pieces
 43634 | Lair:4   | Killed Tunlugh's ghost
 43848 | Elf:1    | Entered Level 1 of the Elven Halls
 43865 | Elf:1    | Reached XP level 21. HP: 192/193 MP: 19/20
 44050 | Crypt:1  | Entered Level 1 of the Crypt
 44337 | Slime:1  | Entered Level 1 of the Pits of Slime
 44567 | Depths:1 | Entered Level 1 of the Depths
 44567 | Depths:1 | Found a one-way gateway to a ziggurat.
 44600 | Depths:1 | Reached skill level 25 in Axes
 44695 | Zig:1    | Entered Level 1 of a ziggurat
 44697 | Zig:1    | Gained mutation: Your body sometimes deteriorates upon
                  | taking damage. [a shining eye]
 44700 | Zig:1    | Lost intelligence.
 44700 | Zig:1    | Gained mutation: You are dopey. (Int -2) [a shining eye]
 44703 | Zig:1    | Gained mutation: Your spells are a little easier to cast,
                  | but a little less powerful. [a shining eye]
 44845 | Lair:1   | Lost mutation: You are dopey. (Int -2) [potion of mutation]
 44845 | Lair:1   | Lost mutation: Your body sometimes deteriorates upon taking
                  | damage. [potion of mutation]
 44845 | Lair:1   | Gained mutation: You have hidden genetic defects. [potion
                  | of mutation]
 44846 | Lair:1   | Lost mutation: You have hidden genetic defects. [potion of
                  | mutation]
 44846 | Lair:1   | Lost mutation: Your spells are a little easier to cast, but
                  | a little less powerful. [potion of mutation]
 44846 | Lair:1   | Gained mutation: You expend magic power (3 MP) to
                  | strengthen your wands. [potion of mutation]
 44846 | Lair:1   | Gained mutation: You are agile. (Dex +4, Str/Int -1)
                  | [potion of mutation]
 45185 | Depths:1 | Received a gift from Trog
 45224 | Depths:1 | Found Noatz's Antique Weapon Boutique.
 45224 | Depths:1 | Found Wabb's General Store.
 45258 | Depths:1 | Found Uphatiw's Armour Boutique.
 45463 | Depths:1 | Found a transporter.
 45463 | Depths:1 | Found a transporter.
 45467 | Depths:1 | Found a transporter.
 45467 | Depths:1 | Found a transporter.
 45510 | Depths:1 | Found a runed translucent door.
 45516 | Depths:1 | Noticed Dameikh's ghost (veteran FoFi)
 45540 | Depths:1 | Found a gateway to Hell.
 46340 | Depths:2 | Noticed a juggernaut
 46346 | Depths:2 | Noticed a golden dragon
 46373 | Depths:2 | Killed a juggernaut
 46400 | Depths:2 | Killed a golden dragon
 46784 | Depths:2 | Noticed a juggernaut
 46817 | Depths:2 | Killed a juggernaut
 46924 | Depths:2 | Found a basalt altar of Yredelemnul.
 47000 | Depths:2 | Found a one-way gate to the infinite horrors of the Abyss.
 47012 | Depths:2 | Received a gift from Trog
 47291 | Depths:2 | Found a one-way gate leading to the halls of Pandemonium.
 47846 | Depths:3 | Noticed a golden dragon
 47862 | Depths:3 | Killed a golden dragon
 48051 | Depths:3 | Reached XP level 22. HP: 204/204 MP: 0/21
 48138 | Depths:3 | Reached skill level 26 in Axes
 48207 | Depths:3 | Received a gift from Trog
 48546 | Depths:3 | Lost intelligence.
 48612 | Depths:3 | Noticed a golden dragon
 48625 | Depths:3 | Identified the +6 arbalest of Umank {penet, rN++ Will-
                  | MP+9}
 48626 | Depths:3 | Killed a golden dragon
 48963 | Depths:3 | Found a sacrificial altar of Ru.
 49336 | Depths:4 | Entered Level 4 of the Depths
 49479 | Depths:4 | Received a gift from Trog
 50048 | Depths:4 | Found a runed translucent door.
 50053 | Depths:4 | Found a gate to the Realm of Zot.
 50096 | Depths:4 | Found a runed translucent door.
 50118 | Depths:4 | Found a runed translucent door.
 50158 | Depths:4 | Found a runed translucent door.
 50190 | Depths:4 | Found a runed translucent door.
 50190 | Depths:4 | Found a runed translucent door.
 50707 | Elf:1    | Acquired a manual of Dodging
 50824 | Elf:1    | Found a runed translucent door.
 50831 | Elf:1    | Noticed Cuucabuana's ghost (veteran MiGl)
 50980 | Elf:1    | Identified the +8 chain mail "Qavamir" {+Inv rN+ Str+3
                  | Dex+2}
 51038 | Elf:1    | Paralysed by an air elemental for 1 turns
 51140 | Elf:1    | Received a gift from Trog
 51535 | Elf:2    | Reached XP level 23. HP: 212/213 MP: 9/22
 51601 | Elf:2    | Found a frozen archway.
 51750 | IceCv    | Entered an ice cave
 51918 | IceCv    | Lost intelligence.
 51931 | IceCv    | Identified the +2 pair of boots of Hospitality {Will+ SInv}
 51949 | IceCv    | Got the ring "Bavvadi" {rC+ Int+4 Slay+2}
 51950 | IceCv    | Lost intelligence.
 52073 | IceCv    | Received a gift from Trog
 52241 | IceCv    | Found a viscous altar of Jiyva.
 52257 | IceCv    | Reached skill level 27 in Axes
 52338 | IceCv    | Got the ring of Tisoemp {Ice Contam rCorr MP+9 Dex+8}
 52486 | Elf:2    | Found Ethavit's Assorted Antiques.
 52488 | Elf:2    | Found Kiadghaocs's Weapon Emporium.
 52488 | Elf:2    | Found Pufynirph's Book Shoppe.
 52493 | Elf:2    | Bought a scroll of teleportation for 99 gold pieces
 52493 | Elf:2    | Bought a scroll of magic mapping for 247 gold pieces
 52493 | Elf:2    | Bought a scroll of butterflies for 132 gold pieces
 52493 | Elf:2    | Bought a potion of mutation for 264 gold pieces
 52493 | Elf:2    | Found Haepijai's Antique Weapon Shoppe.
 52604 | Elf:2    | Found a runed translucent door.
 52631 | Elf:2    | Found a runed translucent door.
 52935 | Elf:3    | Entered Level 3 of the Elven Halls
 53133 | Elf:3    | Reached XP level 24. HP: 223/223 MP: 22/22
 53447 | Elf:3    | Received a gift from Trog
 53687 | Elf:3    | Identified the +2 glaive of Qazlal, Howling {elec, *Corrode
                  | Dex+7 SInv}
 53688 | Elf:3    | Paralysed by an air elemental for 1 turns
 53713 | Elf:3    | Identified the +8 great sword "Dragonbane" {protect, rPois}
 53713 | Elf:3    | Identified the ring "Daalatey" {rC+ Int+3 Dex+2}
 53769 | Elf:3    | Identified the amulet "Voxiedut" {Faith Str+8 Int+4}
 53821 | Elf:3    | Identified the +4 quarterstaff of Dominance {vorpal, Fly
                  | rC- Dex+8 SInv}
 53821 | Elf:3    | Identified the ring "Yxy Opan" {MP+9 EV+4 Dex+2}
 53829 | Elf:3    | Identified the ring of Sioqem {rPois rN+ Will- AC+4 Dex+5}
 54050 | Elf:3    | Identified the +10 long sword of Fedhas's Displeasure
                  | {vorpal, rC- Str+5 Int+2 Stlth+}
 54195 | Elf:3    | Identified the +1 spear "Leedixzeto" {vorpal, rElec Str+2}
 54588 | Vaults:5 | Entered Level 5 of the Vaults
 54627 | Vaults:5 | Received a gift from Trog
 54935 | Vaults:5 | Noticed Margery
 54965 | Vaults:5 | Killed Margery
 55132 | Vaults:5 | Received a gift from Trog
 55205 | Vaults:5 | Noticed an ancient lich
 55212 | Vaults:5 | Killed an ancient lich
 55413 | Vaults:5 | Got a silver rune of Zot
 55489 | Vaults:5 | Reached XP level 25. HP: 223/233 MP: 1/22
 55510 | Vaults:5 | Identified the +1 cloak of the Evil One {Harm rPois rC+
                  | rN+}
 55707 | Vaults:5 | Received a gift from Trog
 55951 | Vaults:5 | Identified the +6 triple crossbow "Hell-Harrower" {venom,
                  | Int+3}
 56037 | Vaults:5 | Acquired 747 gold pieces
 56138 | Vaults:5 | Found Ferch's General Store.
 56228 | Vaults:5 | Received a gift from Trog
 56268 | Vaults:5 | Noticed Jory
 56289 | Vaults:5 | Killed Jory
 56684 | Zot:1    | Entered Level 1 of the Realm of Zot
 57107 | Zot:1    | Identified the ring of the Jester {Wiz Dex+6}
 57474 | Zot:1    | Received a gift from Trog
 58234 | Zot:1    | Reached skill level 15 in Evocations
 60117 | Zot:3    | Reached XP level 26. HP: 246/246 MP: 12/22
 60491 | Zot:3    | Received a gift from Trog
 62313 | Zot:5    | Entered Level 5 of the Realm of Zot
 62568 | Zot:5    | Noticed a dread lich
 62590 | Zot:5    | Noticed an ancient lich
 62594 | Zot:5    | Killed a dread lich
 62613 | Zot:4    | Killed an ancient lich
 62926 | Zot:5    | Noticed an orb of fire
 62929 | Zot:5    | Noticed an orb of fire
 62932 | Zot:5    | Gained mutation: You are dopey. (Int -2) [an orb of fire]
 62942 | Zot:5    | Gained mutation: Potions are less effective at restoring
                  | your health. [an orb of fire]
 62944 | Zot:5    | Killed an orb of fire
 62959 | Zot:5    | Killed an orb of fire
 63005 | Zot:5    | Lost mutation: Potions are less effective at restoring your
                  | health. [potion of mutation]
 63005 | Zot:5    | Lost mutation: You are agile. (Dex +4, Str/Int -1) [potion
                  | of mutation]
 63005 | Zot:5    | Gained mutation: You are weak. (Str -2) [potion of
                  | mutation]
 63005 | Zot:5    | Gained mutation: You are partially covered in iridescent
                  | scales. (AC +2) [potion of mutation]
 63006 | Zot:5    | Lost mutation: You expend magic power (3 MP) to strengthen
                  | your wands. [potion of mutation]
 63006 | Zot:5    | Lost mutation: You are dopey. (Int -2) [potion of mutation]
 63006 | Zot:5    | Gained mutation: You occasionally lose the ability to read
                  | scrolls when taking damage. [potion of mutation]
 63006 | Zot:5    | Gained mutation: You are strong-willed. (Will+) [potion of
                  | mutation]
 63007 | Zot:5    | Lost mutation: You are weak. (Str -2) [potion of mutation]
 63007 | Zot:5    | Lost mutation: You are partially covered in iridescent
                  | scales. (AC +2) [potion of mutation]
 63007 | Zot:5    | Gained mutation: You passively map a small area around you.
                  | [potion of mutation]
 63007 | Zot:5    | Gained mutation: You are partially covered in iridescent
                  | scales. (AC +2) [potion of mutation]
 63007 | Zot:5    | Gained mutation: You are resistant to electric shocks.
                  | (rElec) [potion of mutation]
 63008 | Zot:5    | Lost mutation: You occasionally lose the ability to read
                  | scrolls when taking damage. [potion of mutation]
 63008 | Zot:5    | Lost mutation: You are resistant to electric shocks.
                  | (rElec) [potion of mutation]
 63008 | Zot:5    | Gained mutation: Your muscles are strong. (Str +4, Int/Dex
                  | -1) [potion of mutation]
 63008 | Zot:5    | Gained mutation: Your mind is acute. (Int +4, Str/Dex -1)
                  | [potion of mutation]
 63269 | Zot:5    | Noticed an ancient lich
 63270 | Zot:5    | Identified the +3 executioner's axe "Iwevoara" {vorpal,
                  | Will+} (Trog gifted it to you on level 5 of the Realm of
                  | Zot)
 63270 | Zot:5    | Received a gift from Trog
 63277 | Zot:5    | Killed an ancient lich
 63385 | Zot:5    | Noticed an orb of fire
 63386 | Zot:5    | Gained mutation: You do not regenerate when monsters are
                  | visible. [an orb of fire]
 63399 | Zot:5    | Gained mutation: You are clumsy. (Dex -2) [an orb of fire]
 63414 | Zot:5    | Lost mutation: You are clumsy. (Dex -2) [an orb of fire]
 63419 | Zot:5    | Gained mutation: Your magical capacity is low. (-10% MP)
                  | [an orb of fire]
 63420 | Zot:5    | Lost mutation: Your mind is acute. (Int +4, Str/Dex -1) [an
                  | orb of fire]
 63421 | Zot:5    | Gained mutation: You occasionally lose the ability to drink
                  | potions when taking damage. [an orb of fire]
 63422 | Zot:5    | Killed an orb of fire
 63476 | Zot:5    | Lost mutation: You do not regenerate when monsters are
                  | visible. [potion of mutation]
 63476 | Zot:5    | Lost mutation: Your magical capacity is low. (-10% MP)
                  | [potion of mutation]
 63476 | Zot:5    | Gained mutation: Your muscles are very strong. (Str +8,
                  | Int/Dex -2) [potion of mutation]
 63476 | Zot:5    | Gained mutation: You have sharp toenails. [potion of
                  | mutation]
 63530 | Zot:5    | Noticed an orb of fire
 63545 | Zot:5    | Reached XP level 27. HP: 239/259 MP: 0/22
 63557 | Zot:5    | Killed an orb of fire
 63844 | Zot:5    | Identified the +9 falchion of the Incandescent {venom,
                  | Drain Int+3 Dex+2}
 64052 | Zot:5    | Got the Orb of Zot
 64076 | Zot:5    | Noticed Kothusio the pandemonium lord
 64325 | Depths:2 | Noticed a seraph
 64327 | Depths:2 | Identified the +3 tower shield "Tutet" {+Blink rC- Regen+}
 64337 | Depths:2 | Killed a seraph
 64342 | Depths:2 | Noticed Wonon the pandemonium lord
 64355 | Depths:2 | Killed Wonon the pandemonium lord
 64718 | D:$      | Escaped with the Orb!

Illustrated notes

Levels and vault maps discovered:
D:1:      dpeg_arrival_long_road, layout_basic,
          shapermc_ecumenical_altar_mp_urbaneastern, hangedman_decor_points
D:2:      layout_basic, serial_shops, shop, uniq_jessica
D:3:      layout_basic, mainiacjoe_overflow_six_doors_small, serial_undead,
          serial_undead_c, serial_undead_b, serial_undead_f, serial_undead_f,
          serial_undead_a, serial_undead_d, minmay_crystal_water,
          dreamdust_wishing_well, grunt_decor_resistance, saegor_snake_ambush,
          uniq_grinder
D:4:      layout_loops_corners, chequers_serial_rivers_micro_a, uniq_edmund,
          uniq_ijyb
D:5:      minmay_chambers_of_fours, layout_rooms, lemuel_round_altar,
          fedhas_altar_4, nicolae_shop_clearance
D:6:      layout_cave_pools, minmay_temple_entry_fiery, serial_shops,
          nicolae_square_shop, gammafunk_ghost_split, ldierk_geyser,
          serial_bayou_ford_a
D:7:      layout_loops_cross, nicolae_overflow_crystal_walls,
          okawaru_ov_weapons_minmay, chequers_mini_garden
D:8:      layout_basic, zin_treasury, mainiacjoe_overflow_catwalk,
          nicolae_qazlal_eye_of_the_storm, serial_corexii_hall,
          corexii_hall_statues_u, chequers_hall_statues_wall_a, minmay_evil_grid
D:9:      layout_long_grid, enter_bailey_4
D:10:     hellmonk_crumbling_castle, layout_layer_cave, lair_entry_dummy
D:11:     layout_loops_ring, hiddenorc1_lemuel
D:12:     layout_roguey, biasface_ghost_orc_armoury
D:13:     layout_irregular_city, david_vaults_3, nicolae_trove_entry_diagonal,
          hangedman_decor_opposing, uniq_lodul
D:14:     layout_loops_cross, serial_shops, nicolae_shop_hallway_plus,
          uniq_agnes
D:15:     grunt_enter_depths_magical_seal, layout_loops_corners,
          nzn_hepliaklqana_mist_gate
Temple:   eino_narrow_crystal_temple
Lair:1:   layout_chaotic_city, roderic_batcave, beast_lair_carwin_3
Lair:2:   layout_gridlike, elwin_shoals_entry_rocks,
          gammafunk_ghost_berserking_beasts, minivault_24, st_stairs_12,
          lemuel_fruit_fields, lemuel_fruit_fields, uniq_sonja
Lair:3:   layout_regular_city, minmay_snake_entry_guardpost_medium,
          gammafunk_ghost_split, st_stairs_12
Lair:4:   layout_cave_pods, gammafunk_ghost_icy, cheibrodos_lair_lostbears
Lair:5:   grunt_lair_end_beastmaster, layout_loops_ring,
          minmay_slime_entry_oklob_enclosed, st_stairs_12,
          grunt_forest_stairs_basic, pond, grunt_megastairs_1,
          serial_bayou_shore_b, uniq_rupert
Shoals:1: cheibrodos_shoals_roost, layout_shoals, uniq_frances
Shoals:2: layout_shoals, lemuel_altar_in_water, uniq_louise, uniq_donald,
          uniq_ilsuiw
Shoals:3: layout_shoals
Shoals:4: shoals_end_hellmonk_storm_palace [storm_palace_center_square,
          storm_palace_corner_pillars, storm_palace_corner_pillars,
          storm_palace_corner_reverse_hut, storm_palace_corner_reverse_hut],
          serial_shops, uniq_polyphemus
Snake:1:  nrook_guardian_serpent_snake_passage, layout_layer_cave, serial_shops,
          shop_fountains, uniq_nikola, uniq_aizul
Snake:2:  nicolae_snake_hallway, layout_onion_interference, minmay_shop_grove,
          grunt_megastairs_2
Snake:3:  layout_rooms
Snake:4:  johnstein_snake_rune_scales, layout_cave_town, nicolae_triple_integral
Slime:1:  layout_caves, basic_altar
Orc:1:    cheibrodos_orc_arena, layout_diamond_mine, serial_shops,
          nicolae_shop_stone, mines3_lemuel
Orc:2:    hellmonk_orc_salted, layout_diamond_mine, serial_shops, shop,
          uniq_urug
Elf:1:    nicolae_elf_arrival_fired_up, layout_onion_city,
          ebering_ghost_reflecting_pool
Elf:2:    nicolae_elf_blades_splatter_lattice
          [nicolae_blade_entry_splitting_headache], layout_rooms,
          portal_ice_cave_entry_ice_simulacra, minmay_shoptagon
Elf:3:    grunt_elf_hall_asides, layout_geoelf_diagonals, nicolae_elf_m_pinch,
          nicolae_elf_martial_mastery
Vaults:1: vaults_room_stairs_pillars, grunt_vaults_funnel,
          vaults_room_stairs_pillars, v_misc_29, vaults_room_guarded_vault,
          grunt_vaults_hallway_long, nicolae_vaults_rhombus_6, v_pattern_3,
          vaults_room_semicircle, hangedman_vaults_nails, nicolae_vaults_big_ls,
          layout_vaults_omnicross
Vaults:2: ontoclasm_vaults_pinch, v_misc_12, minmay_crypt_entry_simple_plaza,
          grunt_vaults_hallway_short, vaults_mumra_bighexcomb,
          grunt_vaults_twisty, nicolae_vaults_little_squares_2,
          ontoclasm_vaults_shuriken, ontoclasm_vaults_gateway,
          nicolae_vaults_bisected_slash, nicolae_vaults_specimen_jars,
          grunt_vaults_trifunnel, v_pattern_5, layout_vaults_maze_bifur,
          uniq_mennas, uniq_bai_suzhen
Vaults:3: ontoclasm_vaults_misaligned, v_misc_17,
          hangedman_vaults_stretched_pinwheel, nicolae_vaults_know_your_exits,
          vaults_dpeg_emergency_exit, nicolae_vaults_yaktaur_gun_rack,
          vaults_room_semicircle, nicolae_vaults_what_the_h,
          vaults_room_door_ring, vaults_room_corners, layout_vaults_big_room
Vaults:4: advil_vaults_ghost_lines, nicolae_vaults_disjoint_gnomons,
          v_alt_pattern_6, nicolae_vaults_statue_guard,
          ontoclasm_vaults_loading_screen, ontoclasm_vaults_eye,
          hangedman_vaults_nodes, ontoclasm_vaults_ligature, v_misc_19,
          v_misc_8, nicolae_vaults_asterisk, v_misc_3,
          nicolae_vaults_little_squares_2, layout_vaults_ring
Vaults:5: serial_shops, uniq_margery, uniq_jory
Crypt:1:  layout_chaotic_city, grunt_ministairs_5, minmay_misc_feat_ornament
Depths:1: layout_basic, enter_ziggurat_a, ebering_ghost_inner_flame,
          minmay_misc_feat_square, lightli_too_deep, minmay_misc_feat_five,
          nicolae_diode_quadrants, serial_bayou_shore_b, minmay_shop_star
Depths:2: minmay_dotted_concentric_squares, layout_gridlike, hell_entry,
          rand_demon_pan_entry_8, yredelemnul_altar_generic, abyss_entry,
          minmay_staircase_bubble
Depths:3: minmay_the_grid_square_5x5_5x5_mashed [minmay_the_grid_square_5x5_z,
          minmay_the_grid_square_5x5_two_walls_a,
          minmay_the_grid_square_5x5_hourglass,
          minmay_the_grid_square_5x5_fancy_junction,
          minmay_the_grid_square_5x5_checkered,
          minmay_the_grid_square_5x5_slash,
          minmay_the_grid_square_5x5_prize_itemx,
          minmay_the_grid_square_5x5_inner_v,
          minmay_the_grid_square_5x5_prize_junk,
          minmay_the_grid_square_5x5_gyroscope,
          minmay_the_grid_square_5x5_misaligned,
          minmay_the_grid_square_5x5_almost_minimal,
          minmay_the_grid_square_5x5_prize_waves,
          minmay_the_grid_square_5x5_pentomino_r,
          minmay_the_grid_square_5x5_checkered_statues,
          minmay_the_grid_square_5x5_sharp_hourglass,
          minmay_the_grid_square_5x5_prize_gold,
          minmay_the_grid_square_5x5_three_small,
          minmay_the_grid_square_5x5_prize_monsterx,
          minmay_the_grid_square_5x5_one_wall,
          minmay_the_grid_square_5x5_three_walls,
          minmay_the_grid_square_5x5_two_walls_b,
          minmay_the_grid_square_5x5_checkered_sparse,
          minmay_the_grid_square_5x5_broken_cross,
          minmay_the_grid_square_5x5_n], layout_basic, grunt_hell_entry_dis_mu,
          serial_sigils, serial_sigils_hangedman_snap,
          serial_sigils_hangedman_shear, serial_sigils_hangedman_stare,
          serial_sigils_hangedman_gnaw, nicolae_ru_the_path_less_chosen,
          abyss_entry_small_statue_room
Depths:4: evilmike_zot_entry_castle, layout_basic, hangedman_coc_ice_floe,
          grunt_decor_one_mirror, abyss_entry
Zot:1:    kennysheep_blocky_hall, layout_basic, hangedman_spider_trapstep
Zot:2:    layout_concentric_octagons, grunt_megastairs_4
Zot:3:    layout_misc_corridors
Zot:4:    layout_basic
Zot:5:    layout_cathedral_of_symmetry

Skill      XL: |  1  2  3  4  5  6  7  8  9 10 11 12 13 14 15 16 17 18 19 20 21 22 23 24 25 26 27 |
---------------+----------------------------------------------------------------------------------+-----
Axes           | 4 5 6 7 9 11 16 17 18 19 20 21 22 23 24 25 26 27 | 27.0
Fighting       | 4 5 6 7 8 9 10 11 13 14 15 16 17 18 19 20 21 23 | 23.7
Armour         | 3 4 5 6 8 9 10 11 12 13 15 16 18 19 20 21 22 23 25 | 25.6
Dodging        | 3 4 6 7 8 9 10 11 12 13 14 15 16 17 18 19 21 23 | 23.9
Throwing       | 2 4 6 |  6.0
Evocations     | 2 4 5 6 7 8 9 10 11 12 13 14 15 | 15.0
Shields        | 7 10 13 14 16 18 19 20 21 22 23 25 26 | 26.0

Action                   |  1- 3 |  4- 6 |  7- 9 | 10-12 | 13-15 | 16-18 | 19-21 | 22-24 | 25-27 || total
-------------------------+-------+-------+-------+-------+-------+-------+-------+-------+-------++-------
Melee: Hand axe          |    70 |   123 |   232 |       |       |       |       |       |       ||   425
       Headbutt          |    10 |    22 |    53 |    89 |   235 |   408 |   494 |   442 |   461 ||  2214
       Punch             |     2 |     1 |     1 |     3 |     3 |       |       |       |       ||    10
       Battleaxe         |       |       |    56 |     1 |       |       |       |       |       ||    57
       War axe           |       |       |       |   407 |   864 |  1613 |  1574 |  1312 |  1367 ||  7137
       Broad axe         |       |       |       |       |    64 |       |     3 |     3 |       ||    70
Throw: Dart              |       |       |       |     1 |    31 |       |       |       |       ||    32
Invok: Berserk           |     1 |     2 |     7 |     1 |     3 |     3 |     2 |       |     4 ||    23
       Trog's Hand       |       |     2 |     4 |     1 |    10 |     4 |       |     3 |     2 ||    26
       Brothers in Arms  |       |       |       |       |     1 |       |     2 |       |     5 ||     8
Evoke: Wand              |       |       |       |     2 |     1 |     1 |       |       |       ||     4
       Box of beasts     |       |       |       |       |     1 |     1 |       |       |       ||     2
       Condenser vane    |       |       |       |       |       |     3 |     1 |       |       ||     4
       Lightning rod     |       |       |       |       |       |       |     1 |       |       ||     1
  Use: Scroll            |       |     8 |    11 |    13 |     3 |    11 |     8 |    10 |     6 ||    70
       Potion            |       |       |     1 |     1 |     5 |     2 |     8 |     4 |    12 ||    33
 Stab: Petrified         |       |       |       |       |     4 |       |       |       |       ||     4
       Petrifying        |       |       |       |       |     1 |       |       |       |       ||     1
       Invisible         |       |       |       |       |       |       |       |     2 |       ||     2
       Distracted        |       |       |       |       |       |       |       |       |     4 ||     4
Armor: Animal skin       |    11 |       |       |       |       |       |       |       |       ||    11
       Leather armour    |     2 |       |       |       |       |       |       |       |       ||     2
       Scale mail        |     1 |    48 |       |       |       |       |       |       |       ||    49
       Chain mail        |       |       |   126 |    41 |       |       |       |       |       ||   167
       Plate armour      |       |       |       |   131 |   420 |   627 |   445 |       |       ||  1623
       Gold dragon scale |       |       |       |       |       |       |   109 |   347 |   530 ||   986
Dodge: Dodged            |    41 |    60 |   151 |   210 |   397 |   577 |   563 |   367 |   590 ||  2956
Block: Kite shield       |       |       |       |       |   262 |   987 |   531 |       |       ||  1780
       Reflection        |       |       |       |       |       |    10 |    48 |       |       ||    58
       Tower shield      |       |       |       |       |       |       |   549 |  1011 |  1358 ||  2918
